[Event "Outaouais-ch Reserve"]
[Site "Gatineau CAN"]
[Date "2023.05.02"]
[Round "6"]
[White "Chacon, Jose"]
[Black "Elsayed, Ahmed"]
[Result "1-0"]
[ECO "C50"]
[WhiteElo "1585"]
[BlackElo "2029"]
[PlyCount "35"]
[EventDate "2023.03.28"]
[EventType "swiss"]
[EventRounds "7"]
[EventCountry "CAN"]
[TimeControl "90+30"]

1. e4 e5 2. Bc4 Nc6 3. Nf3 h6 4. O-O a6 5. d4 exd4 6. c3 d3 7. Re1 Bc5 8. b4
Ba7 9. Qb3 Qe7 10. e5 Nd8 11. Bxd3 b6 12. Nd4 Bb7 13. Nf5 Qf8 14. g4 a5 15. Ba3
a4 16. Qc4 c5 17. bxc5 b5 18. Qxb5 1-0

[Event "Outaouais-ch Reserve"]
[Site "Gatineau CAN"]
[Date "2023.05.02"]
[Round "6"]
[White "Deschenes, Stephane"]
[Black "Gagne, Learry"]
[Result "0-1"]
[ECO "A00"]
[WhiteElo "1118"]
[BlackElo "1182"]
[PlyCount "88"]
[EventDate "2023.03.28"]
[EventType "swiss"]
[EventRounds "7"]
[EventCountry "CAN"]
[TimeControl "90+30"]

1. e3 e5 2. c3 d5 3. d4 e4 4. Nd2 Nf6 5. f3 Nbd7 6. c4 c6 7. Nh3 Nb6 8. b3 Bxh3
9. gxh3 Be7 10. Bg2 O-O 11. O-O Ne8 12. Bb2 f5 13. f4 c5 14. a3 cxd4 15. Bxd4
Bf6 16. c5 Bxd4 17. exd4 Nd7 18. Qe2 Qf6 19. Qe3 Nc7 20. b4 Nb5 21. Nb3 Nc7 22.
Rfe1 b6 23. Rec1 bxc5 24. bxc5 Rab8 25. c6 Nb6 26. Nd2 Rbc8 27. Qc3 Ne6 28. Qe3
Nxd4 29. Rc5 Nxc6 30. Rac1 Qd4 31. Nf1 Nc4 32. Qxd4 Nxd4 33. Rxc8 Rxc8 34. Re1
Nxa3 35. Ne3 Nac2 36. Nxc2 Rxc2 37. h4 a6 38. h3 Nb3 39. h5 Rc1 40. Kf1 Rxe1+
41. Kxe1 a5 42. Kd1 d4 43. Bf1 d3 44. h4 a4 0-1

[Event "Outaouais-ch Reserve"]
[Site "Gatineau CAN"]
[Date "2023.05.02"]
[Round "6"]
[White "Filion, Samuel"]
[Black "Masse-Garneau, Anthony"]
[Result "1/2-1/2"]
[ECO "B22"]
[WhiteElo "1492"]
[BlackElo "1536"]
[PlyCount "75"]
[EventDate "2023.03.28"]
[EventType "swiss"]
[EventRounds "7"]
[EventCountry "CAN"]
[TimeControl "90+30"]

1. e4 c5 2. Nf3 e6 3. c3 d5 4. exd5 exd5 5. d4 Bd6 6. Bb5+ Bd7 7. Bxd7+ Qxd7 8.
O-O Ne7 9. Re1 O-O 10. Be3 c4 11. Nbd2 Nbc6 12. Nf1 b5 13. Qd2 b4 14. Bf4 bxc3
15. bxc3 Bxf4 16. Qxf4 Ng6 17. Qd2 Rfe8 18. Ne3 f6 19. Nc2 Rxe1+ 20. Ncxe1 Rb8
21. g3 Qf5 22. Qe2 Kf7 23. Ng2 Rb1+ 24. Rxb1 Qxb1+ 25. Nge1 Nce7 26. Qc2 Qxc2
27. Nxc2 Ke6 28. Kg2 Nc8 29. Nd2 Nd6 30. Kf3 f5 31. Ne3 {Les deux cartes
disent Rf4 (coup illÃ gal). Je change l'ordre des coups de la partie pour
obtenir un P $146 correct} Ne7 32. Kf4 {
retour Ã  la partie (le coup #32 Ã tait Ce3)} Ng6+ 33. Kf3 h5 34. h4 f4 35. Ng2
fxg3 36. fxg3 Nb5 37. Nb1 a5 38. Nf4+ 1/2-1/2

[Event "Outaouais-ch Reserve"]
[Site "Gatineau CAN"]
[Date "2023.05.02"]
[Round "6"]
[White "Mailhiot, Michel"]
[Black "Moraga, Hernan"]
[Result "0-1"]
[ECO "B00"]
[WhiteElo "948"]
[BlackElo "1388"]
[PlyCount "76"]
[EventDate "2023.03.28"]
[EventType "swiss"]
[EventRounds "7"]
[EventCountry "CAN"]
[TimeControl "90+30"]

1. d4 Nf6 2. Nc3 d6 3. e4 Nc6 4. Nf3 Bg4 5. Be2 g6 6. h3 Bxf3 7. Bxf3 Bg7 8.
Ne2 O-O 9. Nf4 e5 10. dxe5 Nxe5 11. Be2 Re8 12. O-O Nxe4 13. Be3 Qe7 14. b4 Nc6
15. Nd5 Qd7 16. c3 Re5 17. c4 Ne7 18. Nf4 a6 19. c5 Rd8 20. Qb3 c6 21. Bc4 d5
22. Rad1 Nf5 23. a4 Neg3 24. fxg3 Nxe3 25. Rxd5 cxd5 26. Re1 dxc4 27. Qc3 Qd2
28. Qa1 g5 29. Re2 Qd1+ 30. Re1 Qxe1+ 31. Qxe1 Rd1 32. Kf2 Ng4+ 33. hxg4 Rexe1
34. Ne2 Rf1+ 35. Ke3 Rd3+ 36. Ke4 Re1 37. Kf5 Rxe2 38. Kxg5 Rb2 0-1

[Event "Outaouais-ch Reserve"]
[Site "Gatineau CAN"]
[Date "2023.05.02"]
[Round "6"]
[White "Nasr, Marwan"]
[Black "Scantland, Patrick"]
[Result "1-0"]
[ECO "A01"]
[WhiteElo "1443"]
[BlackElo "1672"]
[PlyCount "71"]
[EventDate "2023.03.28"]
[EventType "swiss"]
[EventRounds "7"]
[EventCountry "CAN"]
[TimeControl "90+30"]

1. b3 e5 2. Bb2 d6 3. e3 Nf6 4. d4 exd4 5. Bxd4 c5 6. Bb2 d5 7. Nf3 Nc6 8. Be2
Be7 9. O-O O-O 10. Nbd2 h6 11. Re1 Bf5 12. Rc1 Qc7 13. Nf1 Ne4 14. Qxd5 Bg6 15.
Qd1 Rad8 16. Bd3 a6 17. Qe2 Nb4 18. a3 Na2 19. Ra1 Nac3 20. Bxc3 Nxc3 21. Qd2
Bf6 22. Qc1 Bxd3 23. cxd3 Ne2+ 24. Rxe2 Bxa1 25. Qxa1 Rxd3 26. Qb1 Rfd8 27. Rd2
Rxd2 28. N1xd2 b5 29. Qc2 Qd6 30. Kf1 g5 31. Ke2 g4 32. Nh4 Qe5 33. Nf5 h5 34.
Ng3 h4 35. Nf5 Qxh2 36. Qc3 1-0

[Event "Outaouais-ch Reserve"]
[Site "Gatineau CAN"]
[Date "2023.05.02"]
[Round "6"]
[White "Pestieau, Gabriel"]
[Black "Marghetis, Aris"]
[Result "1/2-1/2"]
[ECO "E73"]
[WhiteElo "1582"]
[BlackElo "1812"]
[PlyCount "138"]
[EventDate "2023.03.28"]
[EventType "swiss"]
[EventRounds "7"]
[EventCountry "CAN"]
[TimeControl "90+30"]

1. d4 Nf6 2. c4 g6 3. Nc3 Bg7 4. e4 d6 5. Be2 Nc6 6. Bg5 e5 7. d5 Nd4 8. f3 h6
9. Be3 Nd7 10. Nb5 Nxb5 11. cxb5 b6 12. Nh3 f5 13. Nf2 a6 14. exf5 gxf5 15.
bxa6 f4 16. Bd2 Bxa6 17. Bxa6 Rxa6 18. Bc3 Nf6 19. Qd3 Qa8 20. Qb5+ Ke7 21. Rd1
Rxa2 22. O-O Qa4 23. Qd3 Kf7 24. Rfe1 Re8 25. Ne4 Qa6 26. Qc2 Qc8 27. Qb3 Qa8
28. Qc4 Re7 29. Qd3 Qa6 30. Qb1 Qa8 31. Nxf6 Bxf6 32. Re4 Ra4 33. Qd3 Rxe4 34.
fxe4 Qg8 35. Qh3 Qg5 36. Be1 h5 37. Rd2 Qg4 38. Qf3 Qxf3 39. gxf3 Ke8 40. Rg2
Rg7 41. Rxg7 Bxg7 42. Bh4 Kd7 43. Kf2 c5 44. dxc6+ Kxc6 45. Ke2 d5 46. exd5+
Kxd5 47. Kd3 Bf8 48. b3 Bc5 49. Be1 Ba3 50. b4 b5 51. Bd2 Bb2 52. Be1 Bd4 53.
Bh4 e4+ 54. fxe4+ Ke5 55. Bf6+ Kxf6 56. Kxd4 Kg5 57. Kd3 Kg4 58. Ke2 f3+ 59.
Ke3 h4 60. e5 Kf5 61. Kxf3 Kxe5 62. Kg4 Kd4 63. Kxh4 Kc4 64. Kg4 Kxb4 65. h4
Ka3 66. h5 b4 67. h6 b3 68. h7 b2 69. h8=Q b1=Q 1/2-1/2

[Event "Outaouais-ch Reserve"]
[Site "Gatineau CAN"]
[Date "2023.05.02"]
[Round "6"]
[White "Piche, Danielle"]
[Black "Chenard, Paul"]
[Result "0-1"]
[ECO "D02"]
[WhiteElo "961"]
[BlackElo "918"]
[PlyCount "62"]
[EventDate "2023.03.28"]
[EventType "swiss"]
[EventRounds "7"]
[EventCountry "CAN"]
[TimeControl "90+30"]

1. d4 d5 2. Bf4 Nc6 3. Nf3 Bf5 4. e3 Nf6 5. Nbd2 a6 6. c4 Nb4 7. a3 Nc2+ 8. Ke2
Nxa1 9. Qxa1 dxc4 10. Nxc4 Nd7 11. Ke1 c5 12. Qd1 b5 13. Nce5 Qa5+ 14. Nd2 Nxe5
15. Bxe5 f6 16. Bg3 e5 17. dxc5 Rd8 18. b4 Qxa3 19. e4 Bxe4 20. Nxe4 Qxb4+ 21.
Nd2 Rxd2 22. Qxd2 Qe4+ 23. Be2 Qb1+ 24. Bd1 Bxc5 25. Qd5 Qb4+ 26. Ke2 Qb2+ 27.
Kf1 Bd4 28. Qa8+ Kf7 29. Qxh8 Qd2 30. Be2 Qc1+ 31. Bd1 Qxd1# 0-1

[Event "Outaouais-ch Reserve"]
[Site "Gatineau CAN"]
[Date "2023.05.02"]
[Round "6"]
[White "Rioux, Jocelyn"]
[Black "De Carufel-Lebeau, Lucas"]
[Result "1-0"]
[ECO "A47"]
[WhiteElo "1612"]
[BlackElo "1232"]
[PlyCount "41"]
[EventDate "2023.03.28"]
[EventType "swiss"]
[EventRounds "7"]
[EventCountry "CAN"]
[TimeControl "90+30"]

1. d4 Nf6 2. Bf4 e6 3. e3 b6 4. Nf3 Bb7 5. Bd3 Nd5 6. Bg3 Nb4 7. Be2 Be4 8. Na3
N8c6 9. O-O d6 10. c3 Nd5 11. Bb5 Nf6 12. Nd2 Qd7 13. Nxe4 Nxe4 14. Qa4 Nb8 15.
Bxd7+ Nxd7 16. Qc6 Nxg3 17. Qxa8+ Ke7 18. fxg3 g6 19. Qxa7 Bh6 20. Rae1 Bg7 21.
Qxc7 1-0

[Event "Outaouais-ch Reserve"]
[Site "Gatineau CAN"]
[Date "2023.05.09"]
[Round "7"]
[White "Arvisais, Eric"]
[Black "Cotillard, Tristan"]
[Result "0-1"]
[ECO "D11"]
[WhiteElo "1204"]
[BlackElo "1632"]
[PlyCount "124"]
[EventDate "2023.03.28"]
[EventType "swiss"]
[EventRounds "7"]
[EventCountry "CAN"]
[TimeControl "90+30"]

1. d4 d5 2. c4 c6 3. Nc3 Bf5 4. Qb3 Qc7 5. Nf3 e6 6. Bg5 Nd7 7. e3 Ngf6 8. Bf4
Qb6 9. c5 Qxb3 10. axb3 Be7 11. Be2 O-O 12. O-O Nh5 13. Bg3 Nxg3 14. fxg3 Bg6
15. Nd2 Bg5 16. Nd1 e5 17. h4 Be7 18. h5 Bc2 19. Rc1 Bxd1 20. Rcxd1 Bg5 21. Kf2
Rae8 22. Nf3 Bh6 23. b4 exd4 24. exd4 Be3+ 25. Ke1 Nf6 26. Ne5 Nxh5 27. Bxh5
Bxd4 28. Rxd4 Rxe5+ 29. Be2 Rfe8 30. Rf2 Re3 31. g4 Rb3 32. Kf1 Rxb2 33. Bd3
Rb3 34. Re2 Re6 35. Rxe6 fxe6 36. Be2 a6 37. g5 e5 38. Rg4 e4 39. g6 hxg6 40.
Rxg6 Rxb4 41. Re6 Kf7 42. Re5 a5 43. Bh5+ Kf6 44. Re8 a4 45. Ra8 e3 46. Ke2 d4
47. Kd3 Ke5 48. Re8+ Kd5 49. Bf3+ Kxc5 50. Re5+ Kb6 51. Rh5 c5 52. Rh1 Ka5 53.
Bd1 a3 54. Bc2 Rb2 55. Rc1 b5 56. g4 g5 57. Ra1 b4 58. Bd1 Kb6 59. Be2 Rd2+ 60.
Ke4 Rxe2 61. Kf5 d3 62. Rc1 d2 0-1

[Event "Outaouais-ch Reserve"]
[Site "Gatineau CAN"]
[Date "2023.05.09"]
[Round "7"]
[White "Brault, Jean-Francois"]
[Black "Labelle, Raymond"]
[Result "1/2-1/2"]
[ECO "A33"]
[WhiteElo "1558"]
[BlackElo "1533"]
[PlyCount "85"]
[EventDate "2023.03.28"]
[EventType "swiss"]
[EventRounds "7"]
[EventCountry "CAN"]
[TimeControl "90+30"]

1. Nf3 e6 2. c4 Nf6 3. e3 c5 4. Nc3 Nc6 5. d4 cxd4 6. Nxd4 Nxd4 7. exd4 h6 8.
Be2 Be7 9. Bf4 d6 10. Bf3 O-O 11. O-O Rb8 12. Re1 Re8 13. Nb5 a6 14. Nc3 Bd7
15. b3 Qc8 16. Rc1 Bc6 17. d5 Bd7 18. dxe6 Bxe6 19. Nd5 Bxd5 20. Bxd5 Nxd5 21.
Qxd5 Qc6 22. Rcd1 Qxd5 23. Rxd5 Bg5 24. Rxe8+ Rxe8 25. g3 Bxf4 26. gxf4 Re6 27.
Kg2 Kf8 28. Kf3 Ke7 29. Rd3 Kd7 30. a4 Kc6 31. Rd5 Re1 32. Rd3 a5 33. Re3 Rxe3+
34. Kxe3 Kc5 35. Kd3 Kb4 36. Kc2 f5 37. h4 b6 38. Kb2 g6 39. Kc2 h5 40. f3 Kc5
41. Kc3 d5 42. cxd5 Kxd5 43. Kd3 1/2-1/2

[Event "Outaouais-ch Reserve"]
[Site "Gatineau CAN"]
[Date "2023.05.09"]
[Round "7"]
[White "De Carufel-Lebeau, Lucas"]
[Black "Arcand, Pierre"]
[Result "1-0"]
[ECO "A07"]
[WhiteElo "1232"]
[BlackElo "1170"]
[PlyCount "115"]
[EventDate "2023.03.28"]
[EventType "swiss"]
[EventRounds "7"]
[EventCountry "CAN"]
[TimeControl "90+30"]

1. Nf3 d5 2. g3 Nf6 3. Bg2 Nc6 4. O-O e5 5. d3 Be7 6. c4 dxc4 7. dxc4 Qxd1 8.
Rxd1 O-O 9. Nc3 Bd6 10. e4 h6 11. a3 Bg4 12. Rd3 Bxf3 13. Bxf3 Nd4 14. Bd1 Rad8
15. Be3 Bc5 16. b4 Nf3+ 17. Bxf3 Rxd3 18. Bxc5 Rxf3 19. Bxf8 Rxc3 20. Be7 Rxc4
21. f3 Rd4 22. Bxf6 gxf6 23. Kg2 Rd2+ 24. Kh3 Rf2 25. Rc1 c6 26. Rc3 Rd2 27. f4
Rd4 28. Re3 Rd6 29. f5 b6 30. Kh4 a5 31. bxa5 bxa5 32. Kh5 Kh7 33. h4 c5 34.
Rc3 Rc6 35. a4 c4 36. g4 Rc5 37. g5 hxg5 38. hxg5 fxg5 39. Kxg5 Kg7 40. f6+ Kf8
41. Rh3 Kg8 42. Rc3 Rc7 43. Kf5 Kf8 44. Kxe5 Rc6 45. Kf5 Rc5+ 46. e5 Ke8 47.
Ke4 Kd7 48. Kd4 Rc6 49. Rxc4 Ra6 50. Kd5 Re6 51. Rc5 Ra6 52. Rb5 Ra7 53. Rb6
Kc7 54. Rc6+ Kd7 55. Rd6+ Ke8 56. e6 fxe6+ 57. Kxe6 Rf7 58. Ra6 1-0

[Event "Outaouais-ch Reserve"]
[Site "Gatineau CAN"]
[Date "2023.05.09"]
[Round "7"]
[White "Elsayed, Ahmed"]
[Black "Filion, Yves"]
[Result "1-0"]
[ECO "C53"]
[WhiteElo "2029"]
[BlackElo "1540"]
[PlyCount "57"]
[EventDate "2023.03.28"]
[EventType "swiss"]
[EventRounds "7"]
[EventCountry "CAN"]
[TimeControl "90+30"]

1. e4 e5 2. Nf3 Nc6 3. c3 Bc5 4. d4 exd4 5. cxd4 Bb4+ 6. Nc3 d6 7. Bc4 Bg4 8.
Bxf7+ Kf8 9. Bxg8 Kxg8 10. Qb3+ Kf8 11. d5 Bxc3+ 12. Qxc3 Ne7 13. Nd4 Ng6 14.
O-O Kf7 15. f4 Bd7 16. e5 Kg8 17. e6 Be8 18. f5 Ne5 19. Qg3 g6 20. Bg5 Qc8 21.
f6 h6 22. f7+ Nxf7 23. exf7+ Bxf7 24. Bf6 Rh7 25. Rae1 Qf8 26. Nf5 Qb8 27. Ne7+
Kf8 28. Nxg6+ Bxg6 29. Qxg6 1-0

[Event "Outaouais-ch Reserve"]
[Site "Gatineau CAN"]
[Date "2023.05.09"]
[Round "7"]
[White "Gagne, Learry"]
[Black "Simard, Paul"]
[Result "1-0"]
[ECO "D12"]
[WhiteElo "1182"]
[BlackElo "1279"]
[PlyCount "143"]
[EventDate "2023.03.28"]
[EventType "swiss"]
[EventRounds "7"]
[EventCountry "CAN"]
[TimeControl "90+30"]

1. d4 d5 2. c4 c6 3. Nf3 Bf5 4. e3 Nf6 5. Nc3 e6 6. Bd3 Bxd3 7. Qxd3 Be7 8. O-O
O-O 9. e4 dxe4 10. Nxe4 Nbd7 11. a3 h6 12. Qe2 a5 13. c5 b6 14. cxb6 Qxb6 15.
Ned2 Qc7 16. Nc4 c5 17. Rd1 cxd4 18. Nxd4 Bc5 19. g3 Rfe8 20. Nb3 Nd5 21. Nxc5
Nxc5 22. Qg4 Nf6 23. Qe2 Nce4 24. Bf4 e5 25. Be3 a4 26. Nb6 Ra5 27. f3 Nc5 28.
Nc4 Ra6 29. Rac1 Nb3 30. Rc3 Nd4 31. Qf2 Nf5 32. g4 Nxe3 33. Nxe3 Qb7 34. Nc4
Qb8 35. Rc2 Rae6 36. Nd2 Rd6 37. Re1 Rb6 38. Nc4 Rb3 39. Re3 Rb7 40. Qg3 e4 41.
Qxb8 Rbxb8 42. Nd6 Re6 43. Nxe4 Kf8 44. Kf2 Nd5 45. Nc5 Rxe3 46. Nd7+ Ke7 47.
Nxb8 Rb3 48. Nc6+ Kd6 49. Nd4 Rd3 50. Nf5+ Ke5 51. Re2+ Kf6 52. Re4 Rd2+ 53.
Kg3 Rxb2 54. Rxa4 Kg5 55. h4+ Kg6 56. Ra6+ Kh7 57. h5 Nf6 58. Ra7 Ra2 59. Rxf7
Rxa3 60. Rxg7+ Kh8 61. Rf7 Ne4+ 62. Kf4 Ng5 63. Rd7 Rxf3+ 64. Ke5 Kg8 65. Nxh6+
Kh8 66. Nf5 Nh7 67. Rd8+ Nf8 68. Rxf8+ Kh7 69. g5 Rxf5+ 70. Kxf5 Kg7 71. Rb8
Kf7 72. h6 1-0

[Event "Outaouais-ch Reserve"]
[Site "Gatineau CAN"]
[Date "2023.05.09"]
[Round "7"]
[White "Jacques, Olivier"]
[Black "Blais, Robert"]
[Result "1/2-1/2"]
[ECO "C41"]
[WhiteElo "1286"]
[BlackElo "1507"]
[PlyCount "93"]
[EventDate "2023.03.28"]
[EventType "swiss"]
[EventRounds "7"]
[EventCountry "CAN"]
[TimeControl "90+30"]

1. e4 e5 2. Nf3 d6 3. d4 exd4 4. Nxd4 Nf6 5. Nc3 Be7 6. Bf4 Bd7 7. Qd2 a6 8.
O-O-O Nc6 9. f3 b5 10. g4 Nxd4 11. Qxd4 Bc6 12. h4 h6 13. Bg2 Qd7 14. g5 Nh5
15. Bh3 Qd8 16. Bd2 hxg5 17. hxg5 Bxg5 18. Bg4 Bf6 19. Qe3 g6 20. Nd5 Bxd5 21.
exd5+ Kf8 22. Bxh5 gxh5 23. Rdg1 Qe7 24. Qf4 Qe5 25. Re1 Qxb2+ 26. Kd1 Qa1+ 27.
Ke2 Qe5+ 28. Qxe5 dxe5 29. Kd3 Rd8 30. Ke4 Bg7 31. Bb4+ Ke8 32. Bc3 f6 33. Rhg1
Kf7 34. Ref1 Bh6 35. Rh1 Bg5 36. Ba5 Rd7 37. Rd1 h4 38. Bd2 Bxd2 39. Rxd2 Rhd8
40. Rxh4 c6 41. Rh7+ Ke8 42. Rxd7 Rxd7 43. d6 Rg7 44. Kf5 Kd7 45. Kxf6 Rh7 46.
Kxe5 Rh5+ 47. Kf6 1/2-1/2

[Event "Outaouais-ch Reserve"]
[Site "Gatineau CAN"]
[Date "2023.05.09"]
[Round "7"]
[White "Laflamme, Mathieu"]
[Black "Marenger, Vincent"]
[Result "1/2-1/2"]
[ECO "D08"]
[WhiteElo "1340"]
[BlackElo "1497"]
[PlyCount "52"]
[EventDate "2023.03.28"]
[EventType "swiss"]
[EventRounds "7"]
[EventCountry "CAN"]
[TimeControl "90+30"]

1. d4 d5 2. c4 e5 3. dxe5 d4 4. Nf3 Nc6 5. a3 g6 6. Bg5 Be7 7. Bxe7 Qxe7 8.
Nxd4 Nxe5 9. e3 Nf6 10. Be2 c5 11. Nf3 O-O 12. O-O Rd8 13. Qb3 Bg4 14. Nc3
Nxf3+ 15. Bxf3 Bxf3 16. gxf3 b6 17. Rad1 h5 18. Nd5 Nxd5 19. Rxd5 Kg7 20. Rfd1
Rxd5 21. cxd5 Rd8 22. Qc3+ Kh7 23. f4 Qe4 24. d6 Qf3 25. Qe1 Qg4+ 26. Kh1 Qf3+
1/2-1/2

[Event "Outaouais-ch Reserve"]
[Site "Gatineau CAN"]
[Date "2023.05.09"]
[Round "7"]
[White "Masse-Garneau, Anthony"]
[Black "Marghetis, Aris"]
[Result "0-1"]
[ECO "E93"]
[WhiteElo "1536"]
[BlackElo "1812"]
[PlyCount "115"]
[EventDate "2023.03.28"]
[EventType "swiss"]
[EventRounds "7"]
[EventCountry "CAN"]
[TimeControl "90+30"]

1. e4 g6 2. d4 Bg7 3. c4 d6 4. Nf3 Nf6 5. Nc3 O-O 6. Be2 e5 7. d5 Nbd7 8. Bg5
a5 9. a3 Nc5 10. b4 axb4 11. axb4 Rxa1 12. Qxa1 Na6 13. b5 Nc5 14. O-O h6 15.
Bxf6 Qxf6 16. Qb2 b6 17. Ra1 Bg4 18. Qc2 Qe7 19. h3 Bd7 20. Ra7 Rc8 21. Na4 f5
22. Nxc5 dxc5 23. Bd3 f4 24. Nh2 Bf8 25. Be2 h5 26. Qd1 Qh7 27. Nf3 Bd6 28. h4
Qe7 29. Ng5 Kg7 30. Ra2 Rh8 31. Qa1 Qd8 32. g3 Qf6 33. Ra3 Rf8 34. Kg2 Qe7 35.
Ra8 Qf6 36. Rxf8 Bxf8 37. Qd1 Be7 38. g4 Qd6 39. gxh5 Bxg5 40. hxg5 Qe7 41. Qh1
Qxg5+ 42. Kf1 Qh6 43. Qg2 g5 44. Bg4 Be8 45. Qh3 Qf6 46. f3 Kh6 47. Bd7 Bf7 48.
Kg2 Bg8 49. Be8 Bh7 50. Qe6 Kg7 51. Qd7+ Kh6 52. Qxc7 g4 53. Qc6 gxf3+ 54. Kxf3
Kg5 55. Qd7 Bxe4+ 56. Kxe4 f3 57. Ke3 f2 58. Qh3 0-1

[Event "Outaouais-ch Reserve"]
[Site "Gatineau CAN"]
[Date "2023.05.09"]
[Round "7"]
[White "Nasr, Marwan"]
[Black "Chacon, Jose"]
[Result "1-0"]
[ECO "A05"]
[WhiteElo "1443"]
[BlackElo "1585"]
[PlyCount "161"]
[EventDate "2023.03.28"]
[EventType "swiss"]
[EventRounds "7"]
[EventCountry "CAN"]
[TimeControl "90+30"]

1. b3 e5 2. Bb2 d6 3. e3 Nf6 4. Nf3 Be7 5. d4 e4 6. Nfd2 O-O 7. c4 c6 8. d5 Na6
9. dxc6 bxc6 10. Nc3 d5 11. Be2 Nc5 12. O-O Bf5 13. cxd5 cxd5 14. Nb5 Bg6 15.
Rc1 a6 16. Nd4 Qb6 17. b4 Ne6 18. a3 Rfc8 19. Qa4 Bh5 20. Rxc8+ Rxc8 21. Qxa6
Qxa6 22. Bxa6 Ra8 23. Nxe6 fxe6 24. b5 Nd7 25. Bb7 Rb8 26. Bc6 Nc5 27. Be5 Rc8
28. Ra1 Na4 29. Bd7 Rc2 30. Bxe6+ Bf7 31. Bxf7+ Kxf7 32. Nb3 g6 33. Nd4 Rb2 34.
f3 Bc5 35. fxe4 dxe4 36. Rc1 Ra2 37. Nc2 Ke7 38. Bd4 Bb6 39. Kf1 Kd7 40. Bxb6
Nxb6 41. Rd1+ Kc7 42. Nd4 Rxa3 43. Kf2 Kb7 44. Ne6 Ra2+ 45. Kg3 Rb2 46. Nc5+
Kc7 47. Nxe4 Rxb5 48. Ra1 Nd7 49. Rc1+ Kd8 50. Rc8+ Ke7 51. Re8+ Kxe8 52. Nd6+
Ke7 53. Nxb5 Kf6 54. Kf4 Nc5 55. Nc3 g5+ 56. Kf3 Kg6 57. Ne4 Nd3 58. Ke2 Ne5
59. Nf2 h5 60. Nd3 Ng4 61. h3 Nf6 62. Kf3 Kf5 63. g4+ hxg4+ 64. hxg4+ Ke6 65.
Nf2 Nh7 66. Ke4 Nf6+ 67. Kd4 Nd7 68. Ne4 Ne5 69. Nxg5+ Kf6 70. Ne4+ Ke6 71. Nf2
Kf6 72. g5+ Kf5 73. e4+ Ke6 74. Ke3 Ng6 75. Nd3 Kf7 76. Kf3 Kg7 77. Kg4 Kh7 78.
Kf5 Kg7 79. Nf4 Ne7+ 80. Ke5 Ng8 81. g6 1-0

[Event "Outaouais-ch Reserve"]
[Site "Gatineau CAN"]
[Date "2023.05.09"]
[Round "7"]
[White "Piche, Danielle"]
[Black "Deschenes, Stephane"]
[Result "0-1"]
[ECO "A40"]
[WhiteElo "961"]
[BlackElo "1118"]
[PlyCount "92"]
[EventDate "2023.03.28"]
[EventType "swiss"]
[EventRounds "7"]
[EventCountry "CAN"]
[TimeControl "90+30"]

1. d4 g6 2. Bf4 Bg7 3. e3 c5 4. c3 d6 5. Nf3 Nd7 6. Bd3 f5 7. Nbd2 Ngf6 8. O-O
O-O 9. Re1 Re8 10. Qe2 b6 11. a4 Bb7 12. e4 Nh5 13. Bg5 f4 14. Nc4 Qc7 15. e5
d5 16. e6 Nf8 17. Nce5 Bc8 18. Bb5 Rd8 19. Nf7 Nxe6 20. Nxd8 Qxd8 21. Bh4 g5
22. Nxg5 Nxg5 23. Bxg5 Bf6 24. Bxf6 Nxf6 25. Qf3 Qd6 26. Bd3 Bg4 27. Qe2 Bxe2
28. Rxe2 Re8 29. a5 c4 30. Bc2 b5 31. a6 Rb8 32. Rae1 Re8 33. g3 Nh5 34. Bd1
Qf6 35. Rd2 Qg5 36. g4 f3 37. Bxf3 Qxd2 38. Bxd5+ Kf8 39. Rf1 Rd8 40. Be4 Nf4
41. h3 Nxh3+ 42. Kg2 Ng5 43. Bd5 Rxd5 44. Kg3 Qxb2 45. f4 Qxc3+ 46. Kh4 Qh3#
0-1

[Event "Outaouais-ch Reserve"]
[Site "Gatineau CAN"]
[Date "2023.05.09"]
[Round "7"]
[White "Roy, Dominique"]
[Black "Filion, Jean"]
[Result "1-0"]
[ECO "C40"]
[WhiteElo "1213"]
[BlackElo "1143"]
[PlyCount "103"]
[EventDate "2023.03.28"]
[EventType "swiss"]
[EventRounds "7"]
[EventCountry "CAN"]
[TimeControl "90+30"]

1. e4 e5 2. Nf3 Bd6 3. Nc3 Nf6 4. Nb5 Nxe4 5. d3 Nf6 6. Nxd6+ cxd6 7. Bg5 h6 8.
Bh4 g5 9. Bg3 Qb6 10. b3 Nd5 11. Qd2 Qb4 12. a3 Qxd2+ 13. Nxd2 f5 14. f3 Ne3
15. Rc1 f4 16. Bf2 Nc6 17. c3 Nxf1 18. Nxf1 b6 19. Nd2 Ba6 20. c4 b5 21. O-O
bxc4 22. bxc4 O-O 23. Rfe1 Rf6 24. Rb1 Kf7 25. Ne4 Rg6 26. Red1 Nd4 27. Bxd4
exd4 28. c5 dxc5 29. Nxc5 Bc8 30. Rb4 d6 31. Ne4 Bf5 32. Rxd4 Bxe4 33. dxe4 Rd8
34. Rd5 Ke7 35. h3 h5 36. Ra5 Rd7 37. Rdd5 Kf7 38. Rxg5 Rxg5 39. Rxg5 Rc7 40.
Rxh5 Rc1+ 41. Kh2 Ra1 42. Ra5 Ke6 43. Rxa7 Ke5 44. h4 Kd4 45. h5 Ke3 46. h6 Kf2
47. h7 Rg1 48. Rg7 d5 49. exd5 Rh1+ 50. Kxh1 Ke3 51. h8=Q Kf2 52. Qh4+ 1-0

[Event "Outaouais-ch Reserve"]
[Site "Gatineau CAN"]
[Date "2023.05.09"]
[Round "7"]
[White "Seguin, Hubert"]
[Black "Bolduc, Christian"]
[Result "1-0"]
[ECO "C40"]
[WhiteElo "1526"]
[BlackElo "1225"]
[PlyCount "49"]
[EventDate "2023.03.28"]
[EventType "swiss"]
[EventRounds "7"]
[EventCountry "CAN"]
[TimeControl "90+30"]

1. e4 e5 2. Nf3 c6 3. d4 d6 4. dxe5 d5 5. exd5 cxd5 6. Nc3 Be6 7. Bb5+ Nc6 8.
O-O g6 9. Bg5 Nge7 10. Bf6 Rg8 11. Nd4 Qd7 12. Qd2 O-O-O 13. Rfe1 Bg7 14. Bxe7
Qxe7 15. Bxc6 Qc7 16. Ba4 Bxe5 17. Ncb5 Bxh2+ 18. Kh1 Qb8 19. Nxe6 fxe6 20.
Rxe6 Rg7 21. Qh6 Be5 22. Qe3 Bh2 23. Qc5+ Bc7 24. Nxa7+ Qxa7 25. Qxa7 1-0

[Event "Outaouais-ch Reserve"]
[Site "Gatineau CAN"]
[Date "2023.05.16"]
[Round "8"]
[White "Blais, Robert"]
[Black "Villeneuve, Denis"]
[Result "0-1"]
[ECO "C41"]
[WhiteElo "1507"]
[BlackElo "1396"]
[PlyCount "48"]
[EventDate "2023.03.28"]
[EventType "swiss"]
[EventRounds "7"]
[EventCountry "CAN"]
[TimeControl "90+30"]

1. e4 d6 2. d4 Nd7 3. Nf3 e5 4. d5 Ngf6 5. Bd3 c6 6. c4 Be7 7. Nc3 O-O 8. O-O
h6 9. h3 Nc5 10. Be3 Nxd3 11. Qxd3 cxd5 12. cxd5 Ne8 13. Qd2 f5 14. exf5 Bxf5
15. Bxh6 gxh6 16. Qxh6 Rf7 17. Qe3 Rg7 18. Kh2 Nf6 19. Nh4 Bd7 20. Nf3 Qe8 21.
Rad1 Qh5 22. Kh1 Bxh3 23. gxh3 Qxh3+ 24. Nh2 Qg2# 0-1

[Event "Outaouais-ch Reserve"]
[Site "Gatineau CAN"]
[Date "2023.05.16"]
[Round "8"]
[White "Chenard, Paul"]
[Black "Arcand, Pierre"]
[Result "0-1"]
[ECO "C44"]
[WhiteElo "918"]
[BlackElo "1170"]
[PlyCount "64"]
[EventDate "2023.03.28"]
[EventType "swiss"]
[EventRounds "7"]
[EventCountry "CAN"]
[TimeControl "90+30"]

1. e4 e5 2. Nf3 Nc6 3. Nxe5 Nxe5 4. d4 Nc6 5. d5 Ne5 6. f4 Ng6 7. e5 Bb4+ 8.
Bd2 Bxd2+ 9. Nxd2 Nxf4 10. Qf3 Ng6 11. g3 Nxe5 12. Qe3 d6 13. Bb5+ Bd7 14. Bc4
Qe7 15. O-O Nxc4 16. Nxc4 Qxe3+ 17. Nxe3 O-O-O 18. Rae1 Nf6 19. Rf4 Rde8 20.
Ra4 a6 21. Kf2 Bxa4 22. b3 Bd7 23. Rd1 Ng4+ 24. Nxg4 Bxg4 25. Rd4 Bh5 26. g4
Bg6 27. Kg3 Re4 28. Rd2 Rhe8 29. Rf2 Re3+ 30. Kh4 Re2 31. Rf4 Rxh2+ 32. Kg5 h6#
0-1

[Event "Outaouais-ch Reserve"]
[Site "Gatineau CAN"]
[Date "2023.05.16"]
[Round "8"]
[White "Elsayed, Ahmed"]
[Black "Nasr, Marwan"]
[Result "0-1"]
[ECO "B13"]
[WhiteElo "2029"]
[BlackElo "1443"]
[PlyCount "111"]
[EventDate "2023.03.28"]
[EventType "swiss"]
[EventRounds "7"]
[EventCountry "CAN"]
[TimeControl "90+30"]

1. e4 c6 2. d4 d5 3. exd5 cxd5 4. Nc3 Nf6 5. Nf3 Nc6 6. Be2 g6 7. h3 Bg7 8. O-O
O-O 9. Bf4 Qb6 10. b3 Bf5 11. Na4 Qd8 12. Bd3 Bxd3 13. Qxd3 Rc8 14. a3 e6 15.
Rfe1 Qe7 16. Nb2 Rfd8 17. Nd1 Qd7 18. Ne5 Nxe5 19. Bxe5 Qc6 20. Rc1 Ne4 21.
Bxg7 Kxg7 22. c4 Qa6 23. a4 Nd6 24. Nb2 dxc4 25. bxc4 Nf5 26. Red1 Rxd4 27. Qc3
e5 28. f4 Qb6 29. Kh2 Qf6 30. fxe5 Qxe5+ 31. Kg1 Rcd8 32. Rxd4 Nxd4 33. Kh1 f6
34. Re1 Qc7 35. Nd1 Ne2 36. Qb4 Ng3+ 37. Kg1 Nf5 38. Nf2 Kf7 39. c5 Qc6 40.
Qc4+ Qd5 41. Qc3 Rc8 42. Rd1 Qe6 43. Qa5 a6 44. Qb4 Rc7 45. Qd2 Rxc5 46. Qd8
Ne7 47. Qh8 Qe2 48. Rf1 Qe3 49. Kh1 Rc1 50. Qxh7+ Ke6 51. Rxc1 Qxc1+ 52. Kh2
Qf4+ 53. Kg1 Qxa4 54. Qh6 Qa1+ 55. Kh2 Qe5+ 56. g3 0-1